 Dungeon Crawl Stone Soup version 0.29-a0-23-ga79f92ac9c (webtiles) character file.

Game seed: 13345041276649079134

49 Peloso the Covered (level 3, -1/30 (33) HPs)
             Began as a Minotaur Fighter on Jan 30, 2022.
             Slain by Terence (10 damage)
             ... on level 2 of the Dungeon.
             The game lasted 00:01:54 (1104 turns).

Peloso the Covered (Minotaur Fighter)               Turns: 1104, Time: 00:01:58

HP:   -1/30 (33)    AC:  7    Str: 20    XL:     3   Next: 51%
MP:   2/2           EV: 13    Int:  5    God:
Gold: 65            SH:  4    Dex: 11    Spells: 2/2 levels left

rFire   x . .      SeeInvis .   a - +0 long sword
rCold   + . .      Faith    .   c - +0 buckler
rNeg    . . .      Spirit   .   b - +0 scale mail
rPois   .          Reflect  .   (helmet restricted)
rElec   .          Harm     .   (no cloak)
rCorr   .          Rampage  .   (no gloves)
Will    .....                   (no boots)
Stlth   ..........              (no amulet)
HPRegen 0.10/turn               i - ring of ice
MPRegen 0.08/turn               k - +4 ring of evasion

@: drained
A: horns 2, retaliatory headbutt
a: no special abilities


You were on level 2 of the Dungeon.
You visited 1 branch of the dungeon, and saw 2 of its levels.

You collected 65 gold pieces.

Inventory:

Hand Weapons
 a - a +0 long sword (weapon)
Armour
 b - a +0 scale mail (worn)
 c - a +0 buckler (worn)
Jewellery
 i - a ring of ice (left hand)
 k - a +4 ring of evasion (right hand)
Scrolls
 g - a scroll of amnesia {unknown}
 h - 2 scrolls of immolation {unknown}
Potions
 d - 2 potions of might
 f - a potion of heal wounds


   Skills:
 + Level 3.9 Fighting
 + Level 2.9 Long Blades
 + Level 4.4 Armour
 + Level 0.3 Dodging
 + Level 4.3 Shields


You had 2 spell levels left.
You didn't know any spells.
Your spell library was empty.

Dungeon Overview and Level Annotations

Branches:
Dungeon (2/15)

Altars:

Annotations:
D:2 Terence


Innate Abilities, Weirdness & Mutations

You have a pair of horns on your head.
You reflexively headbutt those who attack you in melee.


Message History

The adder bites you but does no damage.
You miss the adder. The adder completely misses you.
You slash the adder!
The adder is severely wounded.
The adder barely misses you. The adder misses you.
You hit the adder.
The adder is almost dead.
The adder bites you but does no damage. x2
You closely miss the adder.
The adder is almost dead.
The adder bites you.
You barely miss the adder.
The adder is almost dead.
You block the adder's attack. The adder barely misses you.
You slash the adder!
You kill the adder!
You now have 60 gold pieces (gained 6).
You now have 65 gold pieces (gained 5).
Found a stone staircase leading down.
An endoplasm comes into view.
The endoplasm quivers.
An endoplasm is nearby!
An endoplasm is nearby!
The endoplasm hits you but does no damage.
You hit the endoplasm. You headbutt the endoplasm.
You kill the endoplasm!
Terence the Incautious comes into view.
He is wielding a +1 short sword of draining.
Terence shouts!
Terence is nearby!
Terence is nearby!
You barely miss Terence.
Terence drinks a potion.
Terence goes berserk!
Terence hits you with a +1 short sword of draining!
You feel drained.
You hit Terence.
Terence is moderately wounded.
Terence hits you with a +1 short sword of draining!
* * * LOW HITPOINT WARNING * * *
You feel drained.
Terence hits you with a +1 short sword of draining!
You die...

#### #..# #..# #####
##### ###..# #...
....
.....###.#######.#
###..#...........#
.............###@#
.>.........#.###@#
###...........##.#
.........###.###.#
.......#.# #.# #.#
###..#.#.###.###.###
#..................
#...........###.#.#
##.#.#...........


You could see Terence (berserk).

Vanquished Creatures
  An adder (D:2)
  2 dart slugs
  3 bats
  3 endoplasms
  A giant cockroach (D:1)
  4 goblins
  2 hobgoblins
  2 jackals (D:1)
  6 ball pythons
  2 frilled lizards (D:1)
  4 kobolds (D:1)
  4 rats
34 creatures vanquished.

Notes
Turn   | Place    | Note
-------+----------+-------------------------------------------
     0 | D:1      | Peloso the Minotaur Fighter began the quest for the Orb.
     0 | D:1      | Reached XP level 1. HP: 19/19 MP: 0/0
   261 | D:1      | Reached XP level 2. HP: 16/26 MP: 1/1
   900 | D:1      | Reached XP level 3. HP: 29/33 MP: 2/2
  1101 | D:2      | Noticed Terence
  1104 | D:2      | Slain by Terence

Illustrated notes

Levels and vault maps discovered:
D:1:      moated_graveyard_arrival, layout_basic
D:2:      minmay_recursive_quarters, layout_basic, uniq_terence

Skill      XL: |  1  2 |
---------------+-------+-----
Armour         | 4 |  4.4
Shields        | 4 |  4.3
Fighting       | |  3.9
Long Blades    | |  2.9
Dodging        | |  0.3

Action                   || total
-------------------------++-------
Melee: Long sword        ||    97
       Headbutt          ||     9
  Use: Potion            ||     4
Armor: Scale mail        ||    49
Dodge: Dodged            ||    61
Block: Buckler           ||    18

Table legend: (Time is in decaauts)
 A = Elapsed time spent in this place.
 B = Non-inter-level travel time spent in this place.
 C = Inter-level travel time spent in this place.
 D = Time resting spent in this place.
 E = Time spent auto-exploring this place.
 F = Levels seen in this place.
 G = Mean time per level.
                   A        B        C        D        E       F      G
               +--------+--------+--------+--------+--------+-----+--------+
         Total |   1114 |   1091 |     23 |      0 |    803 |   2 |  557.0 |
       Dungeon |   1114 |   1091 |     23 |      0 |    803 |   2 |  557.0 |
               +--------+--------+--------+--------+--------+-----+--------+

Top non-repeatable levels by time:
     D:1: 969 daAuts
     D:2: 145 daAuts
